 Dungeon Crawl Stone Soup version 0.17-a0-2147-gfb20a63 (console) character file.

546 brucemayne the Chopper (level 7, 0/78 HPs)
             Began as a Demonspawn Berserker on Oct 24, 2015.
             Was a Believer of Trog.
             Slain by a gnoll
             ... wielding a +1 flail of holy wrath
              (6 damage)
             ... on level 6 of the Dungeon.
             The game lasted 00:04:04 (949 turns).

brucemayne the Chopper (Demonspawn Berserker)        Turns: 949, Time: 00:04:05

Health: 0/78       AC: 14    Str: 25    XL:     7   Next: 6%
Magic:  7/7        EV:  7    Int:  8    God:    Trog [**....]
Gold:   54         SH:  0    Dex: 12    Spells: 0 memorised, 6 levels left

rFire  . . .     SeeInvis .     n - +0 war axe
rCold  . . .     Clarity  .     s - +0 plate armour
rNeg   . . .     SustAt   .     (no shield)
rPois  .         Gourm    .     (no helmet)
rElec  .         Spirit   .     (no cloak)
rCorr  .         Warding  .     l - +1 pair of gloves
rMut   .         Stasis   .     (no boots)
MR     ++...                    (no amulet)
Stlth  ..........               (no ring)
                                (no ring)

@: berserking, regenerating, very quick, very resistant to hostile enchantments,
extremely unstealthy
A: yellow scales 1, demonic guardian 1, rot immunity
a: Berserk, Trog's Hand, Burn Spellbooks, Renounce Religion


You were on level 6 of the Dungeon.
You worshipped Trog.
Trog was pleased with you.
You were hungry.

You visited 2 branches of the dungeon, and saw 7 of its levels.

You collected 54 gold pieces.

Inventory:

Hand Weapons
 a - a +0 hand axe
 n - a +0 war axe (weapon)
Armour
 b - a +0 animal skin
 i - a +0 ring mail
 l - a +1 pair of gloves (worn)
 s - a +0 plate armour (worn)
Wands
 p - a wand of fireball (7)
Scrolls
 d - 2 scrolls of identify {unknown}
 e - a scroll of teleportation {unknown}
 j - a scroll of noise {unknown}
 r - a scroll of enchant armour {unknown}
Potions
 g - a potion of curing {unknown}
 h - a potion of agility {unknown}
 k - 3 potions of heal wounds {unknown}
 m - a potion of mutation {unknown}
 o - a potion of might {unknown}
 q - 2 potions of cancellation {unknown}
Comestibles
 c - 2 bread rations
 f - 2 chunks of flesh


   Skills:
 - Level 3.0 Fighting
 + Level 7.4 Axes
 - Level 1.7 Armour
 - Level 1.7 Dodging


You had 6 spell levels left.
You didn't know any spells.

Dungeon Overview and Level Annotations

Branches:
Dungeon (6/15)             Temple (1/1) D:4

Altars:
Ashenzari
Cheibriados
Dithmenos
Elyvilon
Fedhas
Gozag
Kikubaaqudgha
Makhleb
Ru
Sif Muna
Xom
Zin

Shops:
D:4 *   D:5 *

Annotations:
D:6 Menkaure


Innate Abilities, Weirdness & Mutations

You are partially covered in yellow scales (AC +2).
A weak demonic guardian rushes to your aid.
You are immune to rotting.


Message History

The gnoll is almost dead.
The gnoll barely misses you.
Your iron imp hits the gnoll.
The gnoll dies!
Trog accepts your kill. The gnoll hits you but does no damage.
The gnoll sergeant hits you but does no damage.
The gnoll hits you but does no damage.
You see here a halberd.
Unknown command.
You slash the gnoll!
You kill the gnoll!
Trog accepts your kill.
You closely miss the gnoll.
The gnoll is severely wounded.
You hit the gnoll.
The gnoll is almost dead.
The gnoll hits you with a flail of holy wrath!
* * * LOW HITPOINT WARNING * * *
You convulse.
You die...

........# ........##
###### .......... ......
......... ......
.......g. ......
.......g################
......gg................
.....M)@.)(.............
........5(..(...........
.........#########......
#####..#.+..............
.....#.#...#########..
.....#.#...#..........
#.....#.#...#..........
#.....#.#...#......$...
#.#...#####'#####


You could see a gnoll sergeant, Menkaure, 3 gnolls and a friendly iron imp.

Vanquished Creatures
  An ice beast (D:6)
  2 centaurs
  A giant frog (D:6)
  A crimson imp (D:5)
  A jelly (D:6)
  A hound (D:5)
  An orc priest (D:6)
  A giant frog skeleton (D:4)
  2 worker ants
  5 gnolls
  3 adders
  A shadow imp (D:6)
  A worm (D:3)
  2 orcs
  2 giant cockroaches
  A goblin (D:1)
  2 hobgoblins
  4 jackals (D:1)
  A kobold (D:2)
  3 bats (D:1)
  4 giant newts
  4 rats
44 creatures vanquished.

Vanquished Creatures (collateral kills)
  A hound (D:4)
  A crimson imp (D:6)
  A gnoll (D:6)
  An adder skeleton (D:6)
  An orc (D:6)
5 creatures vanquished.

Grand Total: 49 creatures vanquished

Notes
Turn   | Place    | Note
--------------------------------------------------------------
     0 | D:1      | brucemayne the Demonspawn Berserker began the quest for the Orb.
     0 | D:1      | Reached XP level 1. HP: 18/18 MP: 1/1
    71 | D:1      | Gained mutation: A weak demonic guardian rushes to your aid. [demonic ancestry]
    71 | D:1      | Reached XP level 2. HP: 24/24 MP: 2/2
   223 | D:4      | Reached XP level 3. HP: 29/29 MP: 3/3
   255 | D:4      | Found a burning altar of Makhleb.
   265 | D:4      | Reached skill level 4 in Axes
   316 | D:4      | Gained mutation: You are partially covered in yellow scales (AC +2). [demonic ancestry]
   316 | D:4      | Reached XP level 4. HP: 35/35 MP: 4/4
   327 | D:4      | Found Gyveta's Assorted Antiques.
   415 | D:3      | Reached ** piety under Trog
   478 | D:3      | Reached skill level 5 in Axes
   546 | D:4      | Found a staircase to the Ecumenical Temple.
   555 | Temple   | Entered the Ecumenical Temple
   620 | D:4      | Gained mutation: You are immune to rotting. [demonic ancestry]
   620 | D:4      | Reached XP level 5. HP: 36/41 MP: 5/5
   650 | D:5      | Entered Level 5 of the Dungeon
   650 | D:5      | Noticed a centaur
   655 | D:5      | Killed a centaur
   667 | D:5      | Found Alaetowi's General Store.
   695 | D:5      | Reached skill level 6 in Axes
   718 | D:5      | Reached XP level 6. HP: 20/47 MP: 6/6
   831 | D:6      | Reached skill level 7 in Axes
   941 | D:6      | Noticed Menkaure
   947 | D:6      | Reached XP level 7. HP: 13/52 MP: 7/7
   949 | D:6      | Slain by a gnoll

Vault maps used:
D:1:      lemuel_arrival_tunnels
D:2:      minmay_misc_feat_hallway, corexii_hall_statues_i, grunt_ministairs_12,
          serial_bayou_crossing
D:3:      moated_statue, corexii_item_surrounded_by_moat,
          nicolae_ru_path_of_blood, uniq_crazy_yiuf_cottage, uniq_jessica
D:4:      minmay_temple_entry_purple_smoke, serial_shops, shop, st_stairs_4,
          makhleb_blood_cavern_becter
D:5:      serial_shops, nicolae_shop_crystal, shop, first_bread
D:6:      serial_shops, shop, serial_curves, eino_curves_02, eino_curves_03,
          uniq_menkaure, uniq_pikel
Temple:   temple_eino_lava_12

Action                   |  1- 3 |  4- 6 |  7- 9 || total
-------------------------+-------+-------+-------++-------
Melee: Hand axe          |    46 |    16 |       ||    62
       War axe           |       |    69 |     1 ||    70
Invok: Berserk           |     3 |     5 |       ||     8
       Trog's Hand       |       |     2 |       ||     2
 Stab: Distracted        |     1 |     1 |       ||     2
  Eat: Chunk             |       |     7 |       ||     7
